 Dungeon Crawl Stone Soup version 0.28.0-62-gf88900778d (webtiles) character file.

Game seed: 13597508655608553616

2770 cbfl8 the Carver (level 9, 0/78 HPs)
             Began as a Minotaur Fighter on June 21, 2023.
             Was an Initiate of Hepliaklqana.
             Killed from afar by a white imp (2 damage)
             ... with a puff of frost
             ... on level 7 of the Dungeon.
             The game lasted 00:07:46 (9536 turns).

cbfl8 the Carver (Minotaur Fighter)                 Turns: 9536, Time: 00:07:47

Health: 0/78       AC: 11    Str: 21    XL:     9   Next: 42%
Magic:  17/17      EV:  9    Int:  5    God:    Hepliaklqana [......]
Gold:   297        SH:  6    Dex: 14    Spells: 8/8 levels left

rFire   . . .      SeeInvis .   a - +0 long sword
rCold   . . .      Faith    .   c - +0 buckler
rNeg    . . .      Spirit   .   e - +0 chain mail
rPois   .          Reflect  .   (helmet restricted)
rElec   .          Harm     .   s - +0 cloak
rCorr   .          Rampage  .   (no gloves)
Will    .....                   (no boots)
Stlth   ..........              (no amulet)
HPRegen 0.23/turn               r - ring of magical power
MPRegen 0.15/turn               (no ring)

@: no status effects
A: horns 2, retaliatory headbutt
a: Renounce Religion


You were on level 7 of the Dungeon.
You worshipped Hepliaklqana.
Hepliaklqana was noncommittal.
You visited 2 branches of the dungeon, and saw 8 of its levels.

You collected 297 gold pieces.

Inventory:

Hand Weapons
 a - a +0 long sword (weapon)
Missiles
 q - a throwing net
Armour
 c - a +0 buckler (worn)
 e - a +0 chain mail (worn)
 s - a +0 cloak (worn)
Jewellery
 n - an amulet of regeneration
 r - a ring of magical power (left hand)
Wands
 d - a wand of acid (12) (quivered)
 o - a wand of flame (12)
Scrolls
 f - 2 scrolls of immolation
 g - 2 scrolls of magic mapping
 j - a scroll of fear
 v - a scroll of holy word
 w - a scroll of enchant armour
Potions
 b - a potion of curing {unknown}
 h - 2 potions of lignification
 i - 2 potions of berserk rage {unknown}
 k - a potion of mutation {unknown}
 l - a potion of flight {unknown}
 p - 2 potions of heal wounds {unknown}
 t - 3 potions of might


   Skills:
 * Level 6.4 Fighting
 * Level 8.8 Long Blades
 + Level 7.1 Armour
 + Level 3.8 Dodging
 + Level 3.2 Stealth
 * Level 6.8 Shields
 * Level 3.8 Evocations


You had 8 spell levels left.
You didn't know any spells.
Your spell library contained the following spells:

 Spells                   Type           Power      Damage    Failure   Level
 Static Discharge         Conj/Air       0%         N/A       100%        2
 Frozen Ramparts          Ice            0%         1d2       100%        3
 Gell's Gravitas          Tloc           0%         N/A       100%        3
 Lesser Beckoning         Tloc           0%         N/A       100%        3
 Ozocubu's Armour         Ice            0%         N/A       100%        3
 Teleport Other           Tloc           0%         N/A       100%        3
 Dispel Undead            Necr           0%         3d6       100%        4
 Ice Form                 Ice/Tmut       0%         N/A       100%        4
 Sticky Flame             Conj/Fire      0%         2d3       100%        4
 Summon Ice Beast         Ice/Summ       0%         N/A       100%        4
 Iskenderun's Battlesphe  Conj           0%         2d6       100%        5
 Metabolic Englaciation   Hex/Ice        0%         N/A       100%        5
 Iron Shot                Conj/Erth      0%         9d1       100%        6
 Simulacrum               Ice/Necr       0%         N/A       100%        6
 Spellforged Servitor     Conj/Summ      0%         N/A       100%        7


Dungeon Overview and Level Annotations

Branches:
Dungeon (7/15)             Temple (1/1) D:7

Altars:
Gozag
Hepliaklqana
Makhleb
Ru
Trog
Xom

Shops:
D:5 [


Innate Abilities, Weirdness & Mutations

You have a pair of horns on your head.
You reflexively headbutt those who attack you in melee.


Message History

The bullfrog is engulfed in a cloud of scalding steam.
The steam dragon bites you but does no damage.
You block the steam dragon's attack.
The white imp is engulfed in a cloud of scalding steam.
You block the white imp's attack. You block the white imp's attack.
The bullfrog hits you.
* * * LOW HITPOINT WARNING * * *
The bullfrog hits you but does no damage.
You hit the steam dragon.
The steam dragon is severely wounded.
You block the steam dragon's attack. x2; The bullfrog closely misses you.
You hit the steam dragon but do no damage.
The steam dragon is severely wounded.
The bullfrog hits you.
* * * LOW HITPOINT WARNING * * *
The steam dragon barely misses you.
The steam dragon claws you but does no damage.
The white imp misses you. You furiously retaliate!
You headbutt the white imp, but do no damage.
You closely miss the steam dragon. Your headbutt misses the steam dragon.
The steam dragon is severely wounded.
The bullfrog hits you but does no damage.
The steam dragon bites you.
* * * LOW HITPOINT WARNING * * *
You block the steam dragon's attack. The white imp hits you.
* * * LOW HITPOINT WARNING * * *
The white imp freezes you.
* * * LOW HITPOINT WARNING * * *
The bullfrog hits you but does no damage.
Aiming: Corrosive Bolt
Press: ? - help, Q - select action, (/) - cycle Shift-Dir - straight line, f - steam dragon
Aim: a steam dragon (severely wounded, 74% to hit)
The bolt of acid hits the steam dragon!
The acid corrodes the steam dragon!
The steam dragon is almost dead.
The bullfrog hits you but does no damage.
The steam dragon closely misses you. You block the steam dragon's attack.
The white imp gestures at you. The puff of frost hits you.
You die...

##. ... ..##.# #.. #.##.#
#.. #.##.# #.##
#..#####..... ....
#......#..#.# #.##
#...@..#..#.# #.##
#.###..FD5.#..#.######...
.............†...........
#>.......................
##..#..#####....#####....
#..... .......^......##
#..#.. ###..#.#####..##
#..#.. #..#.#####.... ...
... .............##


You could see a steam dragon (corroded), a bullfrog and a white imp.

Vanquished Creatures
  Edmund (D:5)
  2 water moccasins
  An orc warrior (D:7)
  4 sky beasts
  2 ice beasts
  A black bear (D:4)
  A necrophage (D:6)
  2 ogres
  A centaur (D:5)
  4 bullfrogs
  A gnoll sergeant (D:6)
  5 scorpions
  A howler monkey (D:4)
  A bullfrog zombie (D:5)
  2 centaur zombies
  2 jellies
  An orc priest (D:6)
  A bullfrog skeleton (D:7)
  A centaur skeleton (D:5)
  2 iguanas
  3 orc wizards (D:5)
  A killer bee zombie (D:7)
  2 hound skeletons
  8 gnolls
  2 howler monkey skeletons
  10 adders
  5 ufetubi
  2 adder skeletons (D:4)
  A worm (D:2)
  4 dart slugs
  13 orcs
  5 ball pythons
  7 bats
  10 endoplasms
  4 giant cockroaches
  8 goblins
  8 hobgoblins
  2 kobolds (D:1)
  3 quokkas
  8 frilled lizards
  5 rats
147 creatures vanquished.

Vanquished Creatures (others)
  An orc (D:7)
1 creature vanquished.

Grand Total: 148 creatures vanquished

Notes
Turn   | Place    | Note
-------+----------+-------------------------------------------
     0 | D:1      | cbfl8 the Minotaur Fighter began the quest for the Orb.
     0 | D:1      | Reached XP level 1. HP: 19/19 MP: 0/0
    93 | D:1      | Found a faded altar of an unknown god.
   132 | D:1      | Reached XP level 2. HP: 26/27 MP: 1/1
   430 | D:1      | Reached XP level 3. HP: 33/33 MP: 2/2
   758 | D:2      | Reached skill level 1 in Evocations
  1197 | D:2      | Reached skill level 3 in Long Blades
  1552 | D:3      | Reached XP level 4. HP: 38/40 MP: 3/3
  2123 | D:4      | Reached skill level 1 in Dodging
  2192 | D:3      | Reached XP level 5. HP: 26/46 MP: 4/4
  2385 | D:3      | Reached skill level 4 in Long Blades
  3056 | D:4      | Reached skill level 1 in Stealth
  3291 | D:4      | Noticed a black bear
  3302 | D:4      | Killed a black bear
  3303 | D:4      | Reached XP level 6. HP: 33/53 MP: 5/5
  3686 | D:4      | Reached skill level 5 in Long Blades
  3686 | D:4      | Reached skill level 5 in Armour
  3921 | D:4      | Found a burning altar of Makhleb.
  3924 | D:4      | Found an opulent altar of Gozag.
  4098 | D:5      | Entered Level 5 of the Dungeon
  4409 | D:5      | Noticed Edmund
  4419 | D:5      | Killed Edmund
  4420 | D:5      | Reached XP level 7. HP: 32/60 MP: 6/6
  4852 | D:5      | Found Jaepsur's Armour Shop.
  4880 | D:5      | Reached skill level 6 in Long Blades
  5096 | D:5      | Reached skill level 5 in Fighting
  5096 | D:5      | Reached skill level 5 in Shields
  5803 | D:5      | Reached XP level 8. HP: 68/68 MP: 7/7
  6609 | D:6      | Reached skill level 7 in Long Blades
  7204 | D:6      | Reached skill level 8 in Long Blades
  7326 | D:6      | Reached XP level 9. HP: 44/75 MP: 8/8
  7750 | D:7      | Found a staircase to the Ecumenical Temple.
  7770 | Temple   | Entered the Ecumenical Temple
  7879 | Temple   | Became a worshipper of Hepliaklqana the Forgotten
  9535 | D:7      | HP: 2/78 [white imp (3)]
  9536 | D:7      | Killed from afar by a white imp

Illustrated notes

Levels and vault maps discovered:
D:1:      giann_wishing_wells, layout_rooms, basic_ecumenical_altar
D:2:      layout_loops_ring
D:3:      layout_rooms, minivault_27
D:4:      layout_rooms, nicolae_overflow_squiral, kennysheep_generic_room_11
D:5:      minmay_general_purpose_star, layout_basic, serial_shops,
          nicolae_shop_trees, uniq_edmund
D:6:      layout_rooms, chequers_serial_rivers_micro_c, minmay_misc_feat_columns
D:7:      layout_basic, minmay_temple_entry_ruins, serial_shops,
          nicolae_shop_bloodbath_and_beyond
Temple:   mainiacjoe_temple_cubbyholes

Skill      XL: |  1  2  3  4  5  6  7  8  9 |
---------------+----------------------------+-----
Armour         | 4 5 6 7 |  7.1
Shields        | 4 5 6 |  6.8
Evocations     | 1 2 3 |  3.8
Long Blades    | 3 4 5 6 8 |  8.8
Fighting       | 4 5 6 |  6.4
Dodging        | 1 2 3 |  3.8
Stealth        | 1 2 3 |  3.2

Action                   |  1- 3 |  4- 6 |  7- 9 || total
-------------------------+-------+-------+-------++-------
Melee: Long sword        |   107 |   123 |   217 ||   447
       Headbutt          |    11 |    20 |    46 ||    77
Evoke: Wand              |       |       |     3 ||     3
  Use: Potion            |       |     2 |     4 ||     6
       Scroll            |       |     5 |     4 ||     9
Armor: Scale mail        |    56 |    85 |       ||   141
       Chain mail        |       |     1 |   155 ||   156
Dodge: Dodged            |    52 |    68 |    96 ||   216
Block: Buckler           |    23 |    57 |    91 ||   171
